 Dungeon Crawl Stone Soup version 0.17-a0-622-g12d63cc (webtiles) character file.

201601 Psiweapon the Grappler (level 18, -1/183 HPs)
             Began as a Troll Warper on Apr 8, 2015.
             Was the Champion of Cheibriados.
             Slain by a salamander
             ... wielding a +0 glaive
              (14 damage)
             ... on level 5 of the Snake Pit on Apr 16, 2015.
             The game lasted 05:00:56 (44736 turns).

Psiweapon the Grappler (Troll Warper)              Turns: 44736, Time: 05:00:56

Health: -1/183     AC: 21    Str: 41    XL:     18   Next: 30%
Magic:  24/26      EV: 14    Int: 34    God:    Cheibriados [******]
Gold:   2160       SH:  0    Dex: 27    Spells: 10 memorised, 1 level left

rFire  . . .     SeeInvis +       - Unarmed
rCold  . . .     Clarity  +     O - +4 troll leather armour
rNeg   . . .     SustAb   .     (no shield)
rPois  +         Gourm    +     (helmet restricted)
rElec  .         Spirit   .     U - +2 cloak {rPois}
rCorr  .         Warding  .     (gloves unavailable)
rMut   .         Stasis   .     (boots unavailable)
MR     ++...                    z - amulet of clarity
Stlth  ++........               M - ring of protection from magic
                                V - ring "Yfrig" {+Fly Int+4 Dex-3 SInv}

@: lethally poisoned (-1 -> -1), constricted, very slow, very resistant to
hostile enchantments, unstealthy
A: unfitting armour, claws 3, iridescent scales 1, thin metallic scales 1, agile
2, berserk 1, clever 1, fast metabolism 3, gourmand, low mp 1, regeneration 2,
screaming 1, shaggy fur 1, strong 1, tough skin 2
a: Bend Time, Temporal Distortion, Slouch, Step From Time, Renounce Religion,
Evoke Flight


You were on level 5 of the Snake Pit.
You worshipped Cheibriados.
Cheibriados was exalted by your worship.
You were very full.

You visited 8 branches of the dungeon, and saw 39 of its levels.
You also visited: Labyrinth, Ossuary and Ice Cave.

You collected 4494 gold pieces.
You spent 2334 gold pieces at shops.

Inventory:

Hand weapons
 F - a +0 blowgun
 I - the +5 demon whip "Spellbinder" {antimagic, MR+}
   (You found it in a labyrinth)

   It disrupts the flow of magical energy around spellcasters and certain
   magical creatures (including the wielder).
   It affects your resistance to hostile enchantments.
Missiles
 e - 3 steel javelins
 i - 14 curare-tipped needles
 m - 12 large rocks (quivered)
 w - 66 tomahawks
 y - 4 throwing nets
Armour
 O - a +4 troll leather armour (worn)
 T - a +0 shield
 U - a +2 cloak of poison resistance (worn)
Magical staves
 v - an uncursed staff of wizardry
 X - an uncursed staff of energy
Rods
 Y - a +0 rod of clouds (9/9)
   (You took it off a skeletal warrior on level 13 of the Dungeon)
Jewellery
 q - an uncursed ring of protection from cold
 z - an amulet of clarity (around neck)
 B - an uncursed ring of teleportation
 H - an uncursed amulet of stasis
 M - a ring of protection from magic (right claw)
 P - an uncursed amulet of resist mutation
 V - the ring "Yfrig" (left claw) {+Fly Int+4 Dex-3 SInv}
   (You bought it in a shop on level 1 of the Elven Halls)

   [ring of flight]

   It affects your intelligence (+4).
   It affects your dexterity (-3).
   It enhances your eyesight.
   It lets you fly.
 W - an uncursed ring of teleport control
Magical devices
 b - a wand of fire (0)
 c - a wand of polymorph (0)
 f - a wand of lightning (3)
 h - a wand of paralysis (0)
 x - a wand of digging (7)
 E - a wand of slowing (22)
 J - a wand of draining (0)
 L - a wand of heal wounds (2)
Scrolls
 d - 10 scrolls of blinking
 j - a scroll of amnesia
 l - 10 scrolls of recharging
 A - 19 scrolls of identify
 D - 2 scrolls of magic mapping
 K - 4 scrolls of fear
 N - 16 scrolls of teleportation
 Q - 8 scrolls of remove curse
 Z - a scroll of vulnerability
Potions
 g - 4 potions of resistance
 k - 21 potions of curing
 n - a potion of brilliance
 o - a potion of invisibility
 p - 5 potions of might
 s - 6 potions of agility
 u - 3 potions of heal wounds
 C - a potion of cancellation
 G - 7 potions of restore abilities
 R - 5 potions of magic
Miscellaneous
 S - a stone of tremors
Comestibles
 a - 14 bread rations
 r - 14 beef jerkies
 t - a meat ration


   Skills:
 - Level 12.4 Fighting
   Level 4.0 Long Blades
 - Level 0.5 Maces & Flails
 - Level 9.8 Throwing
 + Level 4.4 Armour
 - Level 7.2 Dodging
 - Level 1.4 Stealth
 + Level 1.0 Shields
 - Level 13.6 Unarmed Combat
 - Level 8.3 Spellcasting
 - Level 6.1 Conjurations
 - Level 0.9 Charms
 - Level 7.8 Translocations
 - Level 8.4 Transmutations
   Level 0.2 Air Magic
 - Level 8.1 Invocations
 - Level 5.3 Evocations


You had one spell level left.
You knew the following spells:

 Your Spells              Type           Power        Failure   Level  Hunger
a - Apportation           Tloc           ######....   1%          1    None
b - Blink                 Tloc           N/A          1%          2    None
c - Shroud of Golubria    Chrm/Tloc      #####.....   1%          2    None
d - Beastly Appendage     Trmt           ######       1%          1    None
e - Blade Hands           Trmt           ######....   2%          5    ###....
f - Petrify               Trmt/Erth      #####...     8%          4    None
g - Alistair's Intoxicat  Trmt/Pois      #####...     8%          4    None
h - Irradiate             Conj/Trmt      ######....   6%          5    ###....
i - Phase Shift           Tloc           ######....   4%          5    ###....
j - Conjure Flame         Conj/Fire      #####...     2%          3    None


Dungeon Overview and Level Annotations

Branches:
Dungeon (15/15)            Temple (1/1) D:6            Lair (8/8) D:10
  Swamp (4/5) Lair:6        Snake (5/5) Lair:6        Slime (0/6) Lair:8
    Orc (4/4) D:10            Elf (1/3) Orc:4        Vaults (0/5) D:14
 Depths (1/5) D:15

Altars:
Ashenzari
Cheibriados
Dithmenos
Elyvilon
Fedhas
Gozag
Kikubaaqudgha
Makhleb
Nemelex Xobeh
Okawaru
Qazlal
Ru
Sif Muna
Trog
Vehumet
Xom
Yredelemnul
Zin
The Shining One

Shops:
D:8 }   Orc:4 *!?[   Elf:1 =   Snake:2 }

Annotations:
D:3 1 exclusion
Swamp:4 casual's ghost, mighty NaIE


Innate Abilities, Weirdness & Mutations

You are too large for most types of armour.
You have claws for hands.
Your metabolism is lightning-fast.
You like to eat raw meat.
You heal very quickly.
You are covered in fur (AC +1).
You have very tough skin (AC +2).
You are partially covered in iridescent scales (AC +4).
You are partially covered in thin metallic scales (AC +2).
You are very agile. (Dex +4)
You tend to lose your temper in combat.
Your mind is acute. (Int +2)
Your magical capacity is low (-10% MP).
You occasionally shout uncontrollably at your foes.
Your muscles are strong. (Str +2)


Message History

The lightning shocks you.
* * * LOW HITPOINT WARNING * * *
The shock serpent closely misses you. The naga warrior hits you!
* * * LOW HITPOINT WARNING * * *
x2 The naga warrior constricts you.
Evoke which item? (* to show all) (? for menu, Esc to quit)
Zapping:
L - a wand of heal wounds (3)
Press: ? - help, Shift-Dir - straight line, f - you You feel much better.
This wand has 2 charges left.
The shock serpent bites you but does no damage.
The salamander hits you from afar with an enchanted trident.
* * * LOW HITPOINT WARNING * * *
You are engulfed in flames!
* * * LOW HITPOINT WARNING * * *
The naga warrior hits you but does no damage.
The naga warrior constricts you.
The salamander hits you from afar with a glaive!
* * * LOW HITPOINT WARNING * * *
You are engulfed in flames!
You die...

...
#...#
##...#
#....#
#....#
##.%..+
##.....#
#......#
#.@S.#
#.)N.#
#NN..#
.....#
#.....#
#.....#
......#
#.)....#
...


You could see a naga warrior, 2 salamanders and a shock serpent (bleeding).

Vanquished Creatures
  Rupert (D:12)
  3 thorn hunters
  Frances (D:13)
  Kirke (D:13)
  A deep elf sorcerer (Elf:1)
  Aizul (Snake:2)
  The ghost of Pikaro the Markscentaur, a powerful CeHu of Okawaru (Orc:4)
  The ghost of Psiweapon the Nimble, a powerful TrHu of Cheibriados (Lair:8)
  Nessos (D:14)
  A deep elf demonologist (Elf:1)
  A deep elf annihilator (Elf:1)
  A fire dragon (D:15)
  4 vault guards (D:14)
  2 blizzard demons (IceCv)
  A minotaur (Lab)
  Josephine (Lair:7)
  An entropy weaver (Depths:1)
  Harold (Lair:2)
  Erolcha (D:8)
  13 hydras
  11 naga warriors
  The ghost of Pirate the Cleaver, a powerful FoFi of Okawaru (D:10)
  4 ogre magi (Orc:4)
  A catoblepas (Lair:8)
  3 centaur warriors (D:15)
  4 anacondas
  A salamander stormcaller (D:14)
  8 alligators
  4 tengu warriors
  The ghost of Econoterrorist the Unseen, a powerful SpEn of Kikubaaqudgha (Lair:4)
  6 death yaks (Lair:8)
  7 naga sharpshooters
  Urug (D:11)
  A deep troll shaman (Lair:8)
  8 deep elf knights (Elf:1)
  Sonja (Lair:4)
  5 shock serpents
  A sun demon (Elf:1)
  An orc high priest (Orc:4)
  4 skeletal warriors (D:13)
  3 salamander mystics
  7 ice devils (IceCv)
  A fire crab (Lair:8)
  4 deep elf summoners (Elf:1)
  3 naga ritualists
  4 swamp dragons
  4 hill giants
  A shambling mangrove (Swamp:2)
  6 ice statues
  A wizard (D:15)
  5 unseen horrors
  2 orc knights
  A hill giant (shapeshifter) (D:15)
  17 deep elf conjurers
  2 wolf spider zombies (D:15)
  A harpy (Lair:8)
  A necromancer (D:15)
  4 griffons
  9 salamanders
  6 mana vipers
  5 manticores
  12 ugly things
  2 orc sorcerers
  7 oklob plants
  3 centaur zombies
  2 cyclopes
  Maurice (D:13)
  An eye of devastation (Lair:8)
  6 elephants
  13 spiny frogs
  7 naga magi
  A torpor snail (Lair:3)
  25 black mambas
  3 guardian serpents
  7 gargoyles
  An orange demon (D:13)
  10 centaur skeletons
  2 kobold demonologists (D:14)
  8 komodo dragons
  A demonic crawler (Elf:1)
  2 golden dragon simulacra (IceCv)
  An anaconda simulacrum (IceCv)
  4 fire drakes
  2 giant leeches
  3 blue devils (IceCv)
  11 two-headed ogres (Orc:4)
  A polar bear (Lair:8)
  3 slime creatures (D:15)
  A tengu conjurer (D:14)
  6 baby alligators (Swamp:3)
  A wind drake (Swamp:3)
  3 trolls
  A harpy skeleton (D:15)
  8 ravens
  A minotaur skeleton (Lab)
  2 jumping spiders (Elf:1)
  9 blink frogs
  2 boulder beetles (Lair:8)
  5 wraiths
  4 wandering mushrooms (Lab)
  3 trapdoor spiders
  2 hogs (D:13)
  4 redbacks
  Sigmund (D:6)
  7 deep elf magi
  4 wyverns
  2 shadows
  5 spriggans
  A neqoxec (Elf:1)
  A tarantella (Elf:1)
  55 yaks
  9 deep elf fighters (Elf:1)
  19 hippogriffs
  14 basilisks
  3 hungry ghosts
  A steam dragon (D:11)
  11 wolves
  9 insubstantial wisps
  2 iron troll simulacra (IceCv)
  37 nagas
  20 vampire mosquitoes
  24 swamp worms
  A hell hound (Lair:8)
  A soldier ant (D:12)
  24 water moccasins
  A mottled dragon (D:14)
  2 hydra simulacra (IceCv)
  2 wargs
  2 harpy simulacra (IceCv)
  3 sky beasts
  26 orc warriors
  2 black bears (D:9)
  18 porcupines
  34 ogres
  An ettin simulacrum (IceCv)
  14 ice beasts
  9 swamp drakes
  9 wasps
  A necrophage (D:11)
  3 phantoms
  2 eyes of draining
  5 boggarts (D:15)
  13 centaurs
  8 big kobolds
  29 giant frogs
  A wyvern zombie (D:13)
  19 crocodiles
  A gnoll sergeant (D:5)
  11 killer bees
  3 scorpions
  A troll skeleton (Lab)
  2 spriggan skeletons (Lab)
  9 wights
  2 electric eels
  5 crimson imps
  2 goliath beetles
  A giant frog zombie (D:12)
  2 quasits
  19 hounds
  6 jellies
  A giant frog skeleton (D:8)
  22 orc priests
  31 orc wizards
  15 iguanas
  2 hell rats (Elf:1)
  A big kobold zombie (Ossuary)
  24 sheep
  6 worker ants
  A crocodile skeleton (Lair:7)
  2 hound zombies
  5 hound skeletons
  6 mummies
  A worker ant zombie (D:11)
  7 gnolls
  82 river rats
  26 adders
  2 shadow imps (D:10)
  4 worms
  An adder zombie (D:9)
  An adder skeleton (D:6)
  6 giant geckos
  168 orcs
  20 bats
  3 bat zombies
  9 giant cockroaches
  2 gnoll zombies (Ossuary)
  22 goblins
  25 hobgoblins
  9 jackals
  61 kobolds
  12 quokkas
  4 ball pythons
  A giant gecko skeleton (D:4)
  5 giant newts
  2 giant spores (D:15)
  2 kobold zombies (Ossuary)
  2 orc zombies (Ossuary)
  A quokka zombie (D:1)
  15 rats
  54 ballistomycetes (D:15)
  A bush (Lair:6)
  5 plants
1577 creatures vanquished.

Vanquished Creatures (collateral kills)
  A mummy (Ossuary)
  A gnoll (D:3)
  An orc (D:4)
  A hobgoblin (D:5)
  2 kobolds
  A gnoll zombie (Ossuary)
7 creatures vanquished.

Vanquished Creatures (others)
  An anaconda (Snake:4)
  A spiny frog (Lair:8)
  A crocodile (Lair:8)
  A big kobold (D:5)
  2 mummies (Ossuary)
  An adder (Lair:8)
  An adder skeleton (D:10)
  10 giant spores (D:15)
  10 fungi
  9 plants
  3 toadstools (Swamp:2)
40 creatures vanquished.

Grand Total: 1624 creatures vanquished

Notes
Turn   | Place    | Note
--------------------------------------------------------------
     0 | D:1      | Psiweapon, the Troll Warper, began the quest for the Orb.
     0 | D:1      | Reached XP level 1. HP: 19/19 MP: 1/1
   250 | D:1      | Reached XP level 2. HP: 28/28 MP: 2/2
   264 | D:1      | Learned a level 2 spell: Blink
   379 | D:1      | Reached skill level 1 in Throwing
   901 | D:2      | Reached XP level 3. HP: 35/35 MP: 3/3
   944 | D:2      | Found a shattered altar of Ashenzari.
   944 | D:2      | Found an opulent altar of Gozag.
   945 | D:2      | Found a glowing golden altar of the Shining One.
  1554 | D:2      | Reached XP level 4. HP: 20/42 MP: 4/4
  2339 | D:3      | Learned a level 2 spell: Shroud of Golubria
  2875 | D:3      | Reached XP level 5. HP: 49/49 MP: 2/5
  3375 | D:4      | Found a sand-covered staircase.
  3398 | D:4      | Reached skill level 3 in Dodging
  3405 | Ossuary  | Entered an ossuary
  3612 | Ossuary  | Reached XP level 6. HP: 35/59 MP: 6/6
  3785 | D:4      | Noticed an ogre
  3788 | D:4      | Killed an ogre
  4551 | D:5      | Entered Level 5 of the Dungeon
  4552 | D:5      | Found a blossoming altar of Fedhas.
  4607 | D:5      | Reached XP level 7. HP: 67/67 MP: 8/8
  4926 | D:5      | Reached skill level 4 in Dodging
  5253 | D:5      | Reached skill level 1 in Stealth
  5253 | D:5      | Reached XP level 8. HP: 59/78 MP: 9/9
  5376 | D:5      | Reached skill level 5 in Dodging
  6056 | D:6      | Reached skill level 5 in Unarmed Combat
  6488 | D:6      | Found a staircase to the Ecumenical Temple.
  6512 | Temple   | Entered the Ecumenical Temple
  6842 | D:6      | Reached skill level 6 in Dodging
  7234 | D:6      | Reached XP level 9. HP: 20/85 MP: 7/10
  7343 | D:6      | Noticed Sigmund
  7347 | D:6      | Killed Sigmund
  7444 | D:6      | Found a blossoming altar of Fedhas.
  7447 | D:6      | Found a burning altar of Makhleb.
  7448 | D:6      | Found a white marble altar of Elyvilon.
  7545 | D:7      | Reached skill level 5 in Fighting
  8244 | D:7      | Found a sacrificial altar of Ru.
  8244 | D:7      | Found an iron altar of Okawaru.
  8438 | D:7      | Reached skill level 7 in Dodging
  8642 | D:7      | Found a snail-covered altar of Cheibriados.
  8660 | D:7      | Became a worshipper of Cheibriados the Contemplative
  9237 | D:8      | Noticed Erolcha
  9249 | D:8      | Killed Erolcha
  9249 | D:8      | Reached XP level 10. HP: 84/96 MP: 11/11
  9313 | D:8      | Acquired Cheibriados's first power
  9394 | D:8      | Found Amale's Gadget Boutique.
  9704 | D:8      | Reached skill level 8 in Unarmed Combat
  9850 | D:8      | Found a white marble altar of Elyvilon.
  9938 | D:8      | Found Zin's Purification Station.
  9941 | D:8      | Found a glowing silver altar of Zin.
 10721 | D:9      | Found a bloodstained altar of Trog.
 10990 | D:6      | Reached skill level 9 in Unarmed Combat
 10990 | D:6      | Reached skill level 5 in Invocations
 10997 | D:6      | Gained mutation: Your muscles are strong. (Str +2) [mutagenic meat]
 10998 | D:6      | Gained mutation: Your body is slowly deteriorating. [mutagenic meat]
 10999 | D:6      | Gained mutation: You are agile. (Dex +2) [mutagenic meat]
 11187 | D:7      | Gained mutation: You are robust (+10% HP). [mutagenic meat]
 11455 | D:8      | Bought a potion of restore abilities for 150 gold pieces
 11629 | D:10     | Entered Level 10 of the Dungeon
 11668 | D:10     | Noticed an unseen horror
 11679 | D:10     | Killed an unseen horror
 11734 | D:10     | Noticed an oklob plant
 11736 | D:10     | Found a staircase to the Lair.
 11756 | Lair:1   | Entered Level 1 of the Lair of Beasts
 11846 | Lair:1   | Noticed a black mamba
 11852 | Lair:1   | Killed a black mamba
 11906 | Lair:1   | Acquired Cheibriados's second power
 12116 | Lair:1   | Identified a scroll of acquirement
 12156 | Lair:1   | Reached XP level 11. HP: 114/114 MP: 14/14
 12171 | Lair:1   | Reached skill level 10 in Unarmed Combat
 12460 | Lair:1   | Learned a level 1 spell: Beastly Appendage
 12896 | Lair:1   | Reached skill level 1 in Transmutations
 13100 | Lair:1   | Acquired Cheibriados's third power
 14063 | Lair:2   | Noticed Harold
 14074 | Lair:2   | Killed Harold
 14646 | Lair:3   | Acquired Cheibriados's fourth power
 15349 | Lair:4   | Noticed Econoterrorist's ghost (powerful SpEn)
 15352 | Lair:4   | Killed Econoterrorist's ghost
 15493 | Lair:2   | Reached XP level 12. HP: 129/129 MP: 17/17
 15932 | D:10     | Noticed Pirate's ghost (powerful FoFi)
 15935 | D:10     | Reached skill level 5 in Transmutations
 15938 | D:10     | Killed Pirate's ghost
 16043 | D:10     | Found a staircase to the Orcish Mines.
 16712 | D:11     | Got a jewelled shortbow
 16713 | D:11     | Identified the +6 shortbow "Vypuobab" {velocity, rC+ Dex+4} (You found it on level 11 of the Dungeon)
 16747 | D:11     | Noticed Urug
 16756 | D:11     | Killed Urug
 16865 | D:10     | Killed an oklob plant
 16927 | Lair:1   | Learned a level 5 spell: Blade Hands
 17653 | Lair:4   | Noticed Sonja
 17662 | Lair:4   | Killed Sonja
 17870 | Lair:4   | Identified Efadiw's Catalogue of Dark Flight
 18677 | Lair:5   | Found a labyrinth entrance.
 18688 | Lab      | Entered a labyrinth
 18706 | Lab      | Found an exit through the horrors of the Abyss.
 18759 | Lab      | Reached XP level 13. HP: 111/136 MP: 10/19
 18780 | Lab      | Reached skill level 5 in Spellcasting
 18887 | Lab      | Noticed a minotaur
 18897 | Lab      | HP: 6/136 [minotaur/staff of wizardry (5)]
 18903 | Lab      | Killed a minotaur
 19028 | Lab      | Got a slimy flail
 19029 | Lab      | Identified the cursed +0 flail "Death Rattle" {freeze, Stlth+} (You found it in a labyrinth)
 19038 | Lab      | Gained mutation: You are partially covered in iridescent scales (AC +4). [potion of beneficial mutation]
 19423 | Lair:1   | Learned a level 3 spell: Flight
 20497 | Lair:6   | Found a staircase to the Snake Pit.
 21216 | Lair:6   | Found a staircase to the Swamp.
 21752 | Lair:7   | Reached skill level 1 in Evocations
 22065 | Lair:7   | Noticed Josephine
 22073 | Lair:7   | Killed Josephine
 22602 | Lair:8   | Entered Level 8 of the Lair of Beasts
 22782 | Lair:8   | Noticed Psiweapon's ghost (powerful TrHu)
 22798 | Lair:8   | Killed Psiweapon's ghost
 22890 | Lair:8   | Reached XP level 14. HP: 150/150 MP: 13/22
 23041 | Lair:8   | Reached skill level 5 in Evocations
 23232 | Lair:8   | Identified Lee's Handbook of Earthen Attacks (You found it on level 8 of the Lair of Beasts)
 23304 | Lair:8   | Found a staircase to the Slime Pits.
 23340 | Lair:8   | Reached skill level 1 in Long Blades
 23897 | Lair:8   | Reached skill level 10 in Fighting
 24065 | Lair:7   | Upgraded the game from 0.17-a0-483-g810ce3f to 0.17-a0-484-g0e03f6a
 24769 | D:12     | Lost mutation: You are robust (+10% HP). [mutagenic meat]
 24864 | D:12     | Noticed Rupert
 24876 | D:12     | Killed Rupert
 25700 | D:12     | Reached skill level 5 in Throwing
 25957 | D:13     | Reached skill level 11 in Unarmed Combat
 26176 | D:13     | Noticed Frances
 26182 | D:13     | Killed Frances
 26182 | D:13     | Reached XP level 15. HP: 152/152 MP: 23/23
 26580 | D:13     | Noticed Kirke
 26590 | D:13     | Killed Kirke
 26707 | D:13     | Identified a +0 rod of clouds (9/9) (You took it off a skeletal warrior on level 13 of the Dungeon)
 27083 | D:13     | Noticed Maurice
 27092 | D:13     | Killed Maurice
 27299 | D:14     | Found a gate to the Vaults.
 27513 | D:14     | Reached skill level 12 in Unarmed Combat
 27535 | D:14     | Gained mutation: Scrolls take you a little longer to read. [mutagenic meat]
 27536 | D:14     | Gained mutation: You occasionally shout uncontrollably at your foes. [mutagenic meat]
 27537 | D:14     | Gained mutation: You are partially covered in thin metallic scales (AC +2). [mutagenic meat]
 27538 | D:14     | Lost mutation: Your body is slowly deteriorating. [mutagenic meat]
 27540 | D:14     | Gained mutation: You can spit weak poison. [mutagenic meat]
 27541 | D:14     | Gained mutation: Your magical capacity is low (-10% MP). [mutagenic meat]
 27542 | D:14     | Lost mutation: Scrolls take you a little longer to read. [mutagenic meat]
 27558 | D:14     | Found a glowing silver altar of Zin.
 27700 | D:14     | Noticed Nessos
 27704 | D:14     | Killed Nessos
 28015 | D:14     | Learned a level 4 spell: Alistair's Intoxication
 28159 | D:15     | Entered Level 15 of the Dungeon
 28251 | D:15     | Found a white marble altar of Elyvilon.
 28422 | D:15     | Found a staircase to the Depths.
 28802 | D:15     | Reached skill level 13 in Unarmed Combat
 30081 | Depths:1 | Entered Level 1 of the Depths
 30131 | D:15     | Upgraded the game from 0.17-a0-484-g0e03f6a to 0.17-a0-543-g13d7571
 30673 | Lair:1   | Learned a level 4 spell: Petrify
 30679 | Lair:1   | Learned a level 5 spell: Irradiate
 30779 | Orc:1    | Entered Level 1 of the Orcish Mines
 30785 | Orc:1    | Reached XP level 16. HP: 159/159 MP: 21/21
 32085 | Orc:3    | Found a burning altar of Makhleb.
 32494 | Orc:4    | Entered Level 4 of the Orcish Mines
 32526 | Orc:4    | Found a staircase to the Elven Halls.
 32668 | Orc:4    | Noticed Pikaro's ghost (powerful CeHu)
 32682 | Orc:4    | Killed Pikaro's ghost
 32690 | Orc:4    | Reached skill level 1 in Conjurations
 32836 | Orc:4    | Found Annaj's Distillery.
 32836 | Orc:4    | Found Sijaol's Assorted Antiques.
 32917 | Orc:4    | Found Taelo's Magic Scroll Shoppe.
 32917 | Orc:4    | Found Gukkab's Armour Boutique.
 32927 | Orc:4    | Bought a scroll of identify for 28 gold pieces
 32927 | Orc:4    | Bought a scroll of blinking for 105 gold pieces
 32927 | Orc:4    | Bought a scroll of identify for 28 gold pieces
 32927 | Orc:4    | Bought a scroll of blinking for 105 gold pieces
 32928 | Orc:4    | Bought a sapphire potion for 31 gold pieces
 32928 | Orc:4    | Bought a scroll of identify for 70 gold pieces
 32928 | Orc:4    | Bought a scroll of identify for 70 gold pieces
 32928 | Orc:4    | Bought a scroll of identify for 70 gold pieces
 32930 | Orc:4    | Bought a potion of curing for 45 gold pieces
 32930 | Orc:4    | Bought 2 potions of heal wounds for 150 gold pieces
 32930 | Orc:4    | Bought a potion of heal wounds for 75 gold pieces
 32930 | Orc:4    | Bought a potion of curing for 45 gold pieces
 33014 | Orc:4    | Gained mutation: You tend to lose your temper in combat. [potion of mutation]
 33014 | Orc:4    | Lost mutation: You can spit weak poison. [potion of mutation]
 33550 | Elf:1    | Entered Level 1 of the Elven Halls
 34258 | Elf:1    | Identified the Guide on Nocuous Attacks
 34708 | Elf:1    | Found Qem Gienui's Jewellery Shoppe.
 34713 | Elf:1    | Bought the ring "Yfrig" {+Fly Int+4 Dex-3 SInv} for 462 gold pieces
 34849 | Elf:1    | Reached skill level 5 in Conjurations
 35258 | Swamp:1  | Entered Level 1 of the Swamp
 35258 | Swamp:1  | Found a frozen archway.
 35286 | IceCv    | Entered an ice cave
 36375 | Lair:1   | Upgraded the game from 0.17-a0-543-g13d7571 to 0.17-a0-622-g12d63cc
 36381 | Lair:1   | Learned a level 5 spell: Phase Shift
 36442 | Lair:2   | Reached XP level 17. HP: 160/167 MP: 25/25
 37391 | Swamp:2  | Learned a level 3 spell: Conjure Flame
 37520 | Swamp:2  | Got a shimmering spear
 37521 | Swamp:2  | Identified the +8 spear "Keipew" {vamp, +Rage} (You found it on level 2 of the Swamp)
 38827 | Swamp:3  | Reached skill level 5 in Translocations
 38836 | Swamp:3  | Gained mutation: Your mind is acute. (Int +2) [mutagenic meat]
 38839 | Swamp:3  | Gained mutation: You are very agile. (Dex +4) [mutagenic meat]
 39552 | Swamp:4  | Noticed casual's ghost (mighty NaIE)
 39747 | Snake:1  | Entered Level 1 of the Snake Pit
 40890 | Snake:2  | Found Muitu's Gadget Emporium.
 40926 | Snake:2  | Bought a wand of heal wounds (6) for 900 gold pieces
 41036 | Snake:2  | Noticed Aizul
 41047 | Snake:2  | Killed Aizul
 43249 | Snake:3  | Reached skill level 1 in Armour
 43253 | Snake:3  | Reached XP level 18. HP: 159/183 MP: 26/26
 44721 | Snake:5  | Entered Level 5 of the Snake Pit
 44734 | Snake:5  | Reached skill level 1 in Shields
 44736 | Snake:5  | Slain by a salamander

Action                   |  1- 3 |  4- 6 |  7- 9 | 10-12 | 13-15 | 16-18 || total
-------------------------+-------+-------+-------+-------+-------+-------++-------
Melee: Unarmed           |   137 |   343 |   450 |   755 |  1080 |  1144 ||  3909
       Whip              |       |       |    13 |       |       |       ||    13
       Staff             |       |       |       |       |    16 |     3 ||    19
       Demon blade       |       |       |       |       |    11 |    30 ||    41
 Fire: Greatsling        |       |       |       |    18 |       |       ||    18
       Blowgun           |       |       |       |     5 |       |       ||     5
Throw: Stone             |    94 |    47 |       |       |       |       ||   141
       Large rock        |       |    16 |    17 |    24 |    47 |   175 ||   279
       Tomahawk          |       |    24 |     5 |    38 |    56 |   114 ||   237
       Javelin           |       |       |     7 |     9 |    23 |     3 ||    42
 Cast: Shroud of Golubri |       |     8 |    17 |    49 |    17 |     2 ||    93
       Beastly Appendage |       |       |       |    25 |     4 |       ||    29
       Blink             |       |       |       |     2 |     7 |     6 ||    15
       Blade Hands       |       |       |       |     1 |    24 |    14 ||    39
       Apportation       |       |       |       |     1 |       |       ||     1
       Alistair's Intoxi |       |       |       |       |       |     7 ||     7
       Petrify           |       |       |       |       |       |    14 ||    14
       Irradiate         |       |       |       |       |       |     7 ||     7
       Conjure Flame     |       |       |       |       |       |    21 ||    21
       Phase Shift       |       |       |       |       |       |     2 ||     2
Invok: Bend Time         |       |       |       |     4 |       |       ||     4
       Slouch            |       |       |       |     7 |    17 |    10 ||    34
       Step From Time    |       |       |       |       |       |     1 ||     1
       Temporal Distorti |       |       |       |       |       |     3 ||     3
 Abil: Evoke Flight      |       |       |       |       |       |     2 ||     2
       Spit Poison       |       |       |       |       |       |     1 ||     1
Evoke: Wand              |       |     8 |     1 |     8 |    14 |    22 ||    53
       Staff of energy   |       |       |       |     2 |       |     4 ||     6
       Rod               |       |       |       |       |     2 |     4 ||     6
  Use: Scroll            |     3 |     4 |       |    20 |    16 |    10 ||    53
       Potion            |       |       |       |     1 |     4 |     2 ||     7
 Stab: Sleeping          |       |     2 |     1 |     6 |     7 |     8 ||    24
       Distracted        |       |       |       |     1 |       |     1 ||     2
       Confused          |       |       |       |       |       |     6 ||     6
       Petrifying        |       |       |       |       |       |     3 ||     3
  Eat: Chunk             |    13 |    31 |    41 |    75 |    98 |    94 ||   352
       Pizza             |       |     1 |       |     1 |       |     1 ||     3
       Meat ration       |       |       |       |       |       |     1 ||     1
       Beef jerky        |       |       |       |       |       |     4 ||     4
       Fruit             |       |       |       |       |       |     3 ||     3
